 Dungeon Crawl Stone Soup version 0.28-a0-429-g1448048969 (webtiles) character file.

Game seed: 7703870670290835143

141 timneilson the Covered (level 5, 0/33 HPs)
             Began as a Gargoyle Fighter on Sept 12, 2021.
             Frozen to death by an endoplasm (5 damage)
             ... on level 3 of the Dungeon.
             The game lasted 00:02:54 (3069 turns).

timneilson the Covered (Gargoyle Fighter)           Turns: 3069, Time: 00:02:54

Health: 0/33       AC: 12    Str: 19 (20) XL:     5   Next: 24%
Magic:  5/5        EV:  9    Int:  8 (9)  God:
Gold:   125        SH:  4    Dex:  7 (9)  Spells: 4/4 levels left

rFire   . . .      SeeInvis .   a - +1 long sword
rCold   . . .      Faith    .   c - +0 buckler
rNeg    + . .      Spirit   .   b - +0 scale mail
rPois   ∞          Reflect  .   (no helmet)
rElec   +          Harm     .   f - +0 cloak
rCorr   .          Rampage  .   (no gloves)
Will    .....                   (no boots)
Stlth   ..........              (no amulet)
HPRegen 0.11/turn               (no ring)
MPRegen 0.09/turn               (no ring)

@: mighty
A: sickness immunity, AC +4, negative energy resistance 1, electricity
resistance, torment resistance 1, petrification resistance
a: no special abilities


You were on level 3 of the Dungeon.
You visited 1 branch of the dungeon, and saw 3 of its levels.

You collected 125 gold pieces.

Inventory:

Hand Weapons
 a - a +1 long sword (weapon)
Armour
 b - a +0 scale mail (worn)
 c - a +0 buckler (worn)
 f - a +0 cloak (worn)
Scrolls
 e - a scroll of identify
Potions
 g - a potion of brilliance


   Skills:
 + Level 3.7 Fighting
 * Level 2.9 Long Blades
 * Level 4.4 Armour
 * Level 4.3 Shields


You had 4 spell levels left.
You didn't know any spells.
Your spell library contained the following spells:

 Spells                   Type           Power      Damage    Failure   Level
 Ensorcelled Hibernation  Hex/Ice        0%         N/A       88%         2
 Ignite Poison            Fire/Tmut/Pois 0%         N/A       98%         3
 Mephitic Cloud           Conj/Pois/Air  0%         N/A       98%         3
 Tukima's Dance           Hex            0%         N/A       98%         3
 Freezing Cloud           Conj/Ice/Air   0%         6-21      100%        5


Dungeon Overview and Level Annotations

Branches:
Dungeon (3/15)

Altars:
Zin


Innate Abilities, Weirdness & Mutations

You are immune to sickness and miasma.
Your stone body is resilient. (AC +4)
You are immune to poison.
You resist negative energy. (rN+)
You are resistant to electric shocks. (rElec)
You are resistant to unholy torment.
You are immune to petrification.


Message History

You feel better.
The endoplasm hits you but does no damage.
It was a potion of degeneration.
There was something very wrong with that liquid.
You feel weakened.
You feel dopey.
You feel clumsy. The endoplasm freezes you.
You are frozen.
* * * LOW HITPOINT WARNING * * *
You feel very mighty all of a sudden. The endoplasm barely misses you.
You slash the endoplasm!
You kill the endoplasm!
You slash the endoplasm!
You kill the endoplasm!
You are no longer corroded.
The endoplasm freezes you.
You are frozen.
* * * LOW HITPOINT WARNING * * *
You hit the endoplasm.
The endoplasm is severely wounded.
The endoplasm barely misses you. The endoplasm closely misses you.
You slash the endoplasm!
You kill the endoplasm! 4 endoplasms and a jelly come into view.
Found a bat skeleton, a goblin skeleton and a scroll of identify.
The jelly quivers.
The endoplasm quivers. x3
There is an open door here.
You slash the endoplasm!
You kill the endoplasm!
You slice the endoplasm!!
You kill the endoplasm!
You slash the jelly!
Your hands burn!
* * * LOW HITPOINT WARNING * * *
The jelly is heavily wounded.
The jelly hits you but does no damage.
You slice the jelly!!
You kill the jelly!
The endoplasm freezes you.
You are frozen.
You die...

.....#
######........#.#..
###### #############.###
#?..÷..##.####### #.#
#PJ...J#)#.#....#####.#
#......#.#.#.....##.#)#
#.JP.P.#.#'#......'.#)#
#......#.#........'...###
#.J.P..#.#........'......
#....÷.#@#.......##.#####
#P.P÷..J##......#####
#......########## #######


You could see an endoplasm.

Vanquished Creatures
  Crazy Yiuf (D:2)
  2 jellies (D:3)
  2 adders (D:2)
  10 endoplasms
  3 giant cockroaches
  4 goblins
  5 hobgoblins
  6 jackals (D:2)
  11 kobolds
  2 quokkas (D:1)
  3 ball pythons
  A bat (D:2)
  6 frilled lizards
  5 rats
61 creatures vanquished.

Vanquished Creatures (others)
  A fungus (D:3)
  6 toadstools (D:3)
7 creatures vanquished.

Grand Total: 68 creatures vanquished

Notes
Turn   | Place    | Note
-------+----------+-------------------------------------------
     0 | D:1      | timneilson the Gargoyle Fighter began the quest for the
                  | Orb.
     0 | D:1      | Reached XP level 1. HP: 14/14 MP: 1/1
   308 | D:1      | Reached XP level 2. HP: 14/19 MP: 2/2
   877 | D:1      | Reached XP level 3. HP: 11/23 MP: 3/3
  1438 | D:2      | Found a glowing silver altar of Zin.
  1712 | D:2      | Reached XP level 4. HP: 25/28 MP: 4/4
  2211 | D:2      | Found a runed translucent door.
  2212 | D:2      | Noticed Crazy Yiuf
  2220 | D:2      | Killed Crazy Yiuf
  3049 | D:3      | Reached XP level 5. HP: 10/33 MP: 5/5
  3069 | D:3      | Frozen to death by an endoplasm

Illustrated notes

Levels and vault maps discovered:
D:1:      doesnt_arrival_eight_statues, layout_basic, minmay_misc_feat_ornament
D:2:      layout_loops_ring, basic_altar, uniq_crazy_yiuf_cottage
D:3:      cheibrodos_fertilizer, layout_basic

Skill      XL: |  1  2  3  4 |
---------------+-------------+-----
Long Blades    | 2 |  2.9
Armour         | 4 |  4.4
Shields        | 4 |  4.3
Fighting       | |  3.7

Action                   |  1- 3 |  4- 6 || total
-------------------------+-------+-------++-------
Melee: Long sword        |   119 |    58 ||   177
  Use: Scroll            |     3 |     2 ||     5
       Potion            |       |     3 ||     3
Armor: Scale mail        |    80 |    20 ||   100
Dodge: Dodged            |    64 |    20 ||    84
Block: Buckler           |    35 |     9 ||    44

Table legend: (Time is in decaauts)
 A = Elapsed time spent in this place.
 B = Non-inter-level travel time spent in this place.
 C = Inter-level travel time spent in this place.
 D = Time resting spent in this place.
 E = Time spent auto-exploring this place.
 F = Levels seen in this place.
 G = Mean time per level.
                   A        B        C        D        E       F      G
               +--------+--------+--------+--------+--------+-----+--------+
         Total |   3121 |   3005 |    116 |     11 |   2574 |   3 | 1040.3 |
       Dungeon |   3121 |   3005 |    116 |     11 |   2574 |   3 | 1040.3 |
               +--------+--------+--------+--------+--------+-----+--------+

Top non-repeatable levels by time:
     D:1: 1461 daAuts
     D:2: 1163 daAuts
     D:3: 496 daAuts
